AoeStats
← Superbrasseur

Black Forest

508737828Analyzed
4v4 RM · 9d ago on Sep 23, 2026· 39m 12s· 8 players
Game mode
Random Map
Map size
Large (8 player)
Population
200
Speed
Normal
Resources
Standard
Victory
Conquest
Starting age
Dark Age
Ending age
Imperial Age
RankedLock teamsTeams togetherTeam positionsShared explorationLock speedFull tech treeHidden civsTurbo modeCheats
Victory
Defeat
🇫🇷 Britons · France
1623
+16
🇩🇪 Khmer · Germany
1554
+19
🇫🇷 Saracens · France
1477
+22
🇫🇷 Saxons · France
1476
+22
🇨🇳 Persians · China
1811
-27
🇨🇴 Danes · Colombia
1585
-19
🇲🇩 Malay · Moldova
1572
-18
🇩🇪 Japanese · Germany
1487
-15
solo rankeding
12:41 Feudal Age
12:37 Double-Bit Axe
12:35 Fishing Lines
16:45 Wheelbarrow
18:14 Castle Age
16:54 Wheelbarrow
18:14 Gillnets
18:40 Bow Saw
20:02 Hand Cart
21:07 Horse Collar
21:57 Heavy Plow
22:54 Gold Mining
25:21 Scale Barding Armor
25:26 Forging
25:26 Scale Barding Armor
28:08 Imperial Age
27:04 Iron Casting
27:31 Husbandry
26:54 Cavalier
29:15 Blast Furnace
CNZS_HiFive
2:07 Loom
12:57 Feudal Age
13:59 Double-Bit Axe
13:56 Horse Collar
16:31 Castle Age
17:24 Bow Saw
17:53 Wheelbarrow
22:23 Town Watch
25:35 Fishing Lines
30:00 Imperial Age
27:58 Forging
28:20 Scale Barding Armor
28:27 Bloodlines
28:18 Husbandry
29:28 Iron Casting
29:39 Cavalier
30:41 Chain Barding Armor
31:54 Blast Furnace
31:56 Two-Man Saw
31:02 Gold Mining
31:13 Heavy Plow
32:28 Blast Furnace
31:00 Savar
32:25 Conscription
32:55 Plate Barding Armor
33:48 Hand Cart
33:46 Elite War Elephant
Rabanito
10:56 Feudal Age
14:49 Castle Age
12:48 Fishing Lines
12:54 Double-Bit Axe
13:22 Horse Collar
14:58 Loom
17:54 Gillnets
19:51 Scale Mail Armor
20:40 Squires
21:51 Chain Mail Armor
24:27 Forging
24:37 Heavy Plow
25:15 Bow Saw
26:10 Iron Casting
29:24 Town Watch
32:24 Fletching
33:37 Bodkin Arrow
33:44 Hamask
DaKrankVieh
1:36 Loom
9:55 Feudal Age
9:58 Man-at-Arms
20:46 Castle Age
ccereal
8:22 Feudal Age
9:03 Double-Bit Axe
10:26 Loom
12:41 Fletching
21:08 Castle Age
19:28 Horse Collar
19:55 Gold Mining
21:10 Crossbowman
22:35 Bodkin Arrow
22:57 Bow Saw
23:14 Padded Archer Armor
26:53 Ballistics
29:09 Stone Mining
35:11 Wheelbarrow
36:53 Hand Cart
36:24 Town Watch
41:50 Imperial Age
tony le gros rou
5:55 Loom
10:19 Feudal Age
14:12 Castle Age
12:05 Double-Bit Axe
14:40 Scale Barding Armor
14:47 Forging
31:16 Bloodlines
35:00 Chain Barding Armor
37:22 Bow Saw
36:54 Horse Collar
39:38 Iron Casting
Superbrasseur
0:53 Loom
12:40 Feudal Age
13:10 Double-Bit Axe
14:37 Horse Collar
15:08 Fishing Lines
17:58 Wheelbarrow
21:30 Castle Age
21:00 Gold Mining
22:33 Bow Saw
22:35 Heavy Plow
22:57 Squires
23:28 Gillnets
26:09 Hand Cart
25:56 Stone Mining
29:22 Imperial Age
29:34 Imperial Age
27:55 Gold Shaft Mining
27:48 Squires
27:10 Pikeman
30:27 Arson
30:44 Scale Mail Armor
30:54 Forging
31:46 Conscription
31:30 Shield Wall
32:32 Treadmill Crane
32:58 Halberdier
34:46 Two-Man Saw
34:17 Crop Rotation
34:47 Chain Mail Armor
35:08 Iron Casting
34:24 Fletching
34:15 Capped Ram
35:19 Elite Varangian Guard
35:45 Gambesons
35:20 Man-at-Arms
36:46 Elite Hearth Troop
37:04 Siege Ram
38:47 Plate Mail Armor
38:23 Scale Barding Armor
38:19 Padded Archer Armor
p0n0n0
11:53 Feudal Age
12:33 Loom
15:37 Castle Age
14:01 Double-Bit Axe
15:16 Horse Collar
16:30 Bow Saw
16:23 Heavy Plow
19:10 Wheelbarrow
27:41 Hand Cart
27:44 Fletching
29:10 Bloodlines
29:00 Husbandry
33:00 Imperial Age
30:43 Scale Barding Armor
30:40 Tusk Swords
31:29 Forging
32:18 Chain Barding Armor
33:14 Iron Casting
32:53 Gold Mining
32:55 Stone Mining
33:13 Elite Battle Elephant
34:45 Plate Barding Armor
39:07 Blast Furnace
38:41 Crop Rotation
38:47 Gold Shaft Mining
38:48 Stone Shaft Mining
Connection lost

Rejoining the realm…

Still unreachable

The connection could not be restored.

Session expired

The server has moved on; the page needs a fresh start.